 Dungeon Crawl Stone Soup version 0.20.1-1-g8b1a95d (webtiles) character file.

42 Schiappus the Ducker (level 3, 0/36 HPs)
             Began as a Troll Berserker on Nov 26, 2017.
             Was a Believer of Trog.
             Slain by Jessica
             ... wielding a +1 dagger of protection
              (3 damage)
             ... on level 2 of the Dungeon.
             The game lasted 00:03:51 (561 turns).

Schiappus the Ducker (Troll Berserker)               Turns: 561, Time: 00:03:52

Health: 0/36       AC:  5    Str: 26    XL:     3   Next: 35%
Magic:  2/2        EV: 15    Int:  3    God:    Trog [**....]
Gold:   79         SH:  0    Dex:  9    Spells: 2/2 levels left

rFire    . . .     SeeInvis .   a - +0 hand axe
rCold    . . .     Gourm    +   (no shield)
rNeg     + . .     Faith    .   b - +0 animal skin
rPois    .         Spirit   .   (helmet restricted)
rElec    .         Reflect  .   (no cloak)
rCorr    .         Harm     .   (gloves unavailable)
MR       .....                  (boots unavailable)
Stlth    +.........             (no amulet)
Regen    0.6/turn               d - ring of positive energy
MPRegen  0.1/turn               e - +5 ring of evasion

@: confused
A: unfitting armour, claws 3, fast metabolism 3, gourmand, regeneration 1,
shaggy fur 1, tough skin 2
a: Berserk, Trog's Hand, Burn Spellbooks, Renounce Religion


You were on level 2 of the Dungeon.
You worshipped Trog.
Trog was pleased with you.
You were completely stuffed.

You visited 1 branch of the dungeon, and saw 2 of its levels.

You collected 79 gold pieces.

Inventory:

Hand Weapons
 a - a +0 hand axe (weapon)
Armour
 b - a +0 animal skin (worn)
Jewellery
 d - a ring of positive energy (left claw)
 e - a +5 ring of evasion (right claw)
Scrolls
 f - 2 scrolls of identify {unknown}
 h - a scroll of remove curse {unknown}
 j - a scroll of fog {unknown}
 l - a scroll of teleportation {unknown}
Potions
 i - a potion of curing {unknown}
 k - a potion of ambrosia {unknown}
Comestibles
 c - 2 bread rations
 g - a chunk of flesh


   Skills:
 + Level 2.8 Fighting
 + Level 2.9 Axes
 + Level 2.9 Dodging


You had 2 spell levels left.
You didn't know any spells.

Dungeon Overview and Level Annotations

Branches:
Dungeon (2/15)

Altars:

Annotations:
D:2 Jessica, Sigmund


Innate Abilities, Weirdness & Mutations

You are too large for most types of armour.
You have claws for hands.
Your metabolism is lightning-fast.
You like to eat raw meat.
Your natural rate of healing is unusually fast.
You are covered in fur. (AC +1)
You have very tough skin. (AC +2)


Message History

Pain shoots through your body!
Something tries to affect you, but you resist.
The rat misses you. Jessica misses you.
Jessica very coldly says, "I hate your company."
Jessica hits you with a dagger of protection.
You barely miss Jessica. You hit the rat. The rat closely misses you.
Jessica hits you but does no damage.
You hit the rat but do no damage.
The rat is moderately wounded.
You miss Jessica. The rat bites you. Jessica gestures at you while chanting.
You barely resist. Something hits you! The rat closely misses you.
You barely miss Jessica. You completely miss the rat. The rat misses you.
Jessica points at you and mumbles some strange words.
Pain shoots through your body! Something hits you!
* * * LOW HITPOINT WARNING * * *
The rat bites you but does no damage. Jessica hits you but does no damage.
Jessica hits you with a dagger of protection.
You die...

#.#.............
.#......###....
#.#..###.# #.... ##
###.#......# #.##.
#. #...##.#####
#..+. #.. #...##.#
.###. #... #...##.#
. ## ##...##...##.#
. .......@.....##.#
......r@........#
...................
...........########
...........#
...........#
...........#
...........#
...........#


You could see Jessica and a rat.

Vanquished Creatures
  An adder (D:2)
  A dart slug (D:1)
  A leopard gecko (D:1)
  3 giant cockroaches
  4 goblins (D:1)
  7 hobgoblins
  A quokka (D:2)
  4 bats
  3 frilled lizards (D:1)
  A kobold (D:1)
  A rat (D:2)
27 creatures vanquished.

Notes
Turn   | Place    | Note
-------+----------+-------------------------------------------
     0 | D:1      | Schiappus the Troll Berserker began the quest for the Orb.
     0 | D:1      | Reached XP level 1. HP: 22/22 MP: 0/0
   147 | D:1      | Reached XP level 2. HP: 29/29 MP: 1/1
   497 | D:2      | Reached ** piety under Trog
   522 | D:2      | Reached XP level 3. HP: 36/36 MP: 2/2
   547 | D:2      | Noticed Jessica
   550 | D:2      | Noticed Sigmund
   561 | D:2      | Slain by Jessica

Action                   || total
-------------------------++-------
Melee: Hand axe          ||    82
  Eat: Chunk             ||    11
Armor: Animal skin       ||    34
Dodge: Dodged            ||    73
